 Dungeon Crawl Stone Soup version 0.31.0-12-g77e489cdc1 (console) character file.

Game seed: 5071275990923153403

57018 AlterAsc the Eclecticist (level 15, 0/100 HPs)
             Began as a Djinni Earth Elementalist on Feb 12, 2024.
             Was a High Priest of Makhleb.
             Slain by a white ugly thing (23 damage)
             ... on level 14 of the Dungeon.
             The game lasted 00:55:28 (17869 turns).

AlterAsc the Eclecticist (DjEE)                    Turns: 17869, Time: 00:55:29

Health: 0/100      AC: 13    Str:  7    XL:     15   Next: 24%
Gold:   846        EV: 12    Int: 29    God:    Makhleb [*****.] SH:  0 Dex: 13

rFire   + + .        p - staff of earth
rCold   . . .        (no shield)
rNeg    . . .        R - +2 robe "Ruimofic" {Regen+}
rPois   ∞            V - +2 helmet
rElec   .            v - +2 cloak
rCorr   .            o - +2 pair of gloves
SInv    +            (boots unavailable)
Will    ++...        (no amulet)
Stlth   ++           Q - ring of Ettued {Fly Will+ Int+4 SInv}
HPRegen 1.16/turn    C - ring of protection from cold
MPRegen 0.00/turn

%: infuse magic (-1 HP)
@: flying
A: sickness immunity, fire resistance 2, cold vulnerability 1, float, innate
caster, HP casting, extra vitality 1
a: Renounce Religion, Minor Destruction, Lesser Servant of Makhleb, Major
Destruction, Greater Servant of Makhleb


You were on level 14 of the Dungeon.
You worshipped Makhleb.
Makhleb was extremely pleased with you.
You visited 4 branches of the dungeon, and saw 21 of its levels.
You also visited: Ice Cave.

You collected 1937 gold pieces.
You spent 1091 gold pieces at shops.

Inventory:

Missiles
 y - 3 throwing nets
Armour
 o - a +2 pair of gloves (worn)
 v - a +2 cloak (worn)
 x - +0 steam dragon scales
 I - +0 acid dragon scales
 R - the +2 robe "Ruimofic" (worn) {Regen+}
   (You bought it in a shop on level 2 of the Orcish Mines)

   Regen+:    It increases your rate of health regeneration.
 V - a +2 helmet (worn)
Magical Staves
 p - a staff of earth (weapon)
 F - a staff of fire
 T - a staff of air
Jewellery
 t - a +4 ring of protection
 A - a +6 ring of intelligence
 C - a ring of protection from cold (right hand)
 J - a ring of willpower
 Q - the ring of Ettued (left hand) {Fly Will+ Int+4 SInv}
   (You bought it in a shop on level 2 of the Orcish Mines)

   [ring of flight]

   Int+4:     It affects your intelligence (+4).
   Will+:     It increases your willpower.
   SInv:      It lets you see invisible.
   Fly:       It grants you flight.
 X - a ring of fire
Talismans
 j - a serpent talisman
 E - a talisman of death
 N - a dragon-blood talisman
Wands
 h - a wand of roots (25)
 s - a wand of mindburst (34)
 L - a wand of paralysis (8)
 U - a wand of light (5)
 W - a wand of flame (9)
Scrolls
 b - 2 scrolls of silence
 c - 3 scrolls of vulnerability
 k - 2 scrolls of enchant weapon
 l - a scroll of blinking {unknown}
 m - a scroll of torment {unknown}
 q - 3 scrolls of teleportation
 r - a scroll of amnesia {unknown}
 w - 4 scrolls of noise
 B - a scroll of immolation {unknown}
 D - a scroll of fear
 G - a scroll of acquirement {unknown}
 K - 2 scrolls of revelation
Potions
 a - a potion of attraction {unknown}
 d - 3 potions of magic {unknown}
 e - 3 potions of might
 f - 7 potions of haste
 g - 8 potions of curing
 i - a potion of berserk rage {unknown}
 n - 4 potions of heal wounds
 u - 8 potions of ambrosia
 z - 2 potions of mutation {unknown}
 M - 2 potions of degeneration {unknown}
 O - a potion of brilliance {unknown}
 P - a potion of invisibility
Miscellaneous
 H - a condenser vane
 S - a lightning rod (4/4)


   Skills:
 + Level 6.6 Fighting
 - Level 2.1 Dodging
 - Level 1.5 Stealth
 - Level 19.3 Spellcasting
 - Level 19.3 Conjurations
 - Level 19.3 Hexes
 - Level 19.3 Summonings
 - Level 19.3 Necromancy
 - Level 19.3 Translocations
 - Level 19.3 Fire Magic
 - Level 19.3 Ice Magic
 - Level 19.3 Air Magic
 - Level 19.3 Earth Magic
 - Level 19.3 Alchemy


You knew the following spells:

 Your Spells              Type           Power      Damage    Failure   Level
a - Sandblast             Erth           100%       2d20      0%          1
b - Passwall              Erth           100%       N/A       0%          3
c - Stone Arrow           Conj/Erth      100%       3d13      0%          3
d - Petrify               Alch/Erth      100%       N/A       0%          4
e - Brom's Barrelling Bo  Conj/Erth      100%       2d11      0%          4
f - Magic Dart            Conj           100%       1d8       0%          1
g - Static Discharge      Conj/Air       100%       3-8/arc   0%          2
h - Gell's Gravitas       Tloc           96%        N/A       0%          3
i - Dazzling Flash        Conj/Hex       100%       N/A       0%          3
j - Lee's Rapid Deconstr  Erth           59%        3d27*     0%          5
k - Silence               Hex/Air        48%        N/A       0%          5
l - Sculpt Simulacrum     Ice/Alch       48%        N/A       1%          6
Your spell library was empty.

Dungeon Overview and Level Annotations

Branches:
Dungeon (14/15)            Temple (1/1) D:7            Lair (4/5) D:10
  Snake (0/4) Lair:2          Orc (2/2) D:9             Elf (0/3) Orc:2
  IceCv (visited)
  Swamp: Lair:2-3    Shoals: Lair:2-3     Slime: Lair:4-5    Vaults: D:13-14

Altars:
Ashenzari
Cheibriados
Dithmenos
Elyvilon
Fedhas
Gozag
Hepliaklqana
Makhleb
Nemelex Xobeh
Okawaru
Qazlal
Ru
Trog
Uskayaw
Wu Jian
Xom
Yredelemnul
Zin
The Shining One

Shops:
D:9 *   D:11 !   Orc:1 ![[=(   Orc:2 :[(=

Annotations:
D:11 1 runed translucent door, HourglassMan's ghost, journeyman HOMo


Innate Abilities, Weirdness & Mutations

You are immune to sickness and miasma.
You are immune to poison.
Your flesh is very heat resistant. (rF++)
You are vulnerable to cold. (rC-)
You float through the air rather than walking.
You learn spells naturally, not from books.
Your magical power is your life essence.
You have superior vitality. (+4 MHP)


Message History

The boulder beetle is severely wounded.
You hear a horrible gurgling sound!
A centaur warrior comes into view.
Casting: Lee's Rapid Deconstruction (safe; 0% risk of failure)
Confirm with . or Enter, or press ? or * to list all spells.
Aiming: Lee's Rapid Deconstruction (safe; 0% risk of failure)
Press: ? - help, Dir - move target, f/p - boulder beetle Fragment what (e.g. wall or brittle monster)?: a boulder beetle (severely wounded, petrified)
You feel a surge of power!
The boulder beetle shatters!!
The boulder beetle is almost dead.
The blast of petrified fragments hits the centaur warrior!!
The centaur warrior is moderately wounded.
Casting: Lee's Rapid Deconstruction (safe; 0% risk of failure)
Confirm with . or Enter, or press ? or * to list all spells.
Aiming: Lee's Rapid Deconstruction (safe; 0% risk of failure)
Press: ? - help, Dir - move target, f/p - boulder beetle Fragment what (e.g. wall or brittle monster)?: a boulder beetle (almost dead, petrified)
You feel a surge of power!
The boulder beetle shatters!!!
You blow up the boulder beetle!
Makhleb accepts your kill.
You feel better.
The centaur warrior wields a +0 shortbow.
The centaur warrior shoots an arrow.
The arrow hits you but does no damage.
Casting: Lee's Rapid Deconstruction (safe; 0% risk of failure)
Confirm with . or Enter, or press ? or * to list all spells.
Aiming: Petrify (safe; 0% risk of failure)
Press: ? - help, Shift-Dir - straight line, f - white ugly thing
Aim: a white ugly thing (chance to affect: 73%)
You feel a surge of power!
The white ugly thing is moving more slowly.
The centaur warrior shoots an arrow.
The arrow hits you!
A white ugly thing comes into view.
A white ugly thing comes into view.
The white ugly thing gurgles horribly!
The white ugly thing barely misses you.
The centaur warrior shoots an arrow.
The arrow hits you!
The centaur warrior shoots an arrow.
The arrow closely misses you. The white ugly thing punches you!
* * * LOW HITPOINT WARNING * * *
The white ugly thing freezes you!!
You die...

# #. ##.###.
.......
.......########.
####c........
#<..........#
####.........
#........#
#.####.........
#.....u...#.### #
#####@....#°..
#.######.....# ###
##.#....#..:..####
#............u....
#..#....######.u..
#.<..# ....
#......... ...
......#..##
#............
####....######
.>.#.#


You could see 3 ugly things and a centaur warrior.

Vanquished Creatures
  Frances (D:13)
  Kirke (D:13)
  An azure jelly (IceCv)
  2 quicksilver oozes (IceCv)
  2 crystal guardians (D:12)
  An ogre mage (Orc:2)
  Harold (Lair:1)
  A catoblepas (Lair:3)
  A hydra (Lair:3)
  3 boulder beetles
  2 centaur warriors
  10 two-headed ogres
  Urug (Orc:2)
  3 orc high priests (Orc:2)
  17 slime creatures
  Pikel (D:6)
  4 orc knights (Orc:2)
  An orange crystal statue (D:12)
  A harpy (shapeshifter) (D:12)
  6 ugly things
  A deep elf pyromancer (D:12)
  A manticore (D:11)
  2 orc sorcerers (Orc:2)
  3 cyclopes
  3 black mambas
  A meliai (D:11)
  2 kobold blastminers (Orc:2)
  6 elephants (Lair:3)
  Maggie (D:6)
  An ice statue (IceCv)
  3 cane toads
  2 rime drakes (Lair:3)
  2 unseen horrors
  An efreet (D:13)
  6 komodo dragons
  A tengu conjurer (D:11)
  Psyche (D:9)
  A troll (D:11)
  A queen bee (D:11)
  A polar bear (shapeshifter) (D:13)
  9 blink frogs
  A vampire (D:12)
  4 wraiths
  7 wyverns
  3 basilisks
  2 steam dragons
  4 wargs (Orc:2)
  22 yaks
  3 acid dragons
  5 great orb of eyes simulacra (IceCv)
  3 nagas (Lair:2)
  7 water moccasins
  16 orc warriors
  An ice beast (D:8)
  A sky beast (D:7)
  3 black bears
  7 ogres
  4 centaurs
  A phantom (D:6)
  2 slime creature simulacra (IceCv)
  A kobold brigand (D:11)
  5 bullfrogs
  A gnoll sergeant (D:9)
  5 glowing shapeshifter simulacra (IceCv)
  16 wights
  30 killer bees
  A vampire bat (Lair:3)
  4 hounds
  2 jellies (D:5)
  13 orc priests
  A gnoll bouda (D:10)
  5 iguanas
  18 orc wizards
  2 sleepcaps (D:6)
  4 hell rats (Lair:2)
  3 shapeshifter simulacra (IceCv)
  A hound zombie (D:3)
  6 gnolls
  8 adders
  2 ufetubi (D:6)
  3 ribbon worms
  3 dart slugs
  67 orcs
  3 endoplasms
  5 giant cockroaches
  9 goblins
  8 hobgoblins
  13 kobolds
  4 quokkas
  10 ball pythons
  A ball python zombie (D:3)
  8 bats
  10 frilled lizards
  A quokka zombie (D:3)
  7 rats
485 creatures vanquished.

Vanquished Creatures (others)
  A human (D:13)
1 creature vanquished.

Grand Total: 486 creatures vanquished

Notes
Turn   | Place    | Note
-------+----------+-------------------------------------------
     0 | D:1      | AlterAsc the Djinni Earth Elementalist began the quest for
                  | the Orb.
     0 | D:1      | AlterAsc set off with the following spells memorised:
                  | Sandblast, Passwall, Stone Arrow, Petrify, Brom's
                  | Barrelling Boulder.
     0 | D:1      | Reached XP level 1. HP: 15/15 MP: 0/0
   106 | D:1      | Reached XP level 2. HP: 20/21 MP: 0/0
   394 | D:1      | Reached XP level 3. HP: 15/25 MP: 0/0
   394 | D:1      | Learned a level 1 spell: Magic Dart
   796 | D:1      | Reached XP level 4. HP: 8/31 MP: 0/0
  1425 | D:3      | Reached XP level 5. HP: 34/35 MP: 0/0
  1425 | D:3      | Learned a level 2 spell: Static Discharge
  1606 | D:3      | Found a glowing golden altar of the Shining One.
  1736 | D:3      | Reached skill level 5 in Spellcasting
  1736 | D:3      | Reached skill level 5 in Conjurations
  1736 | D:3      | Reached skill level 5 in Hexes
  1736 | D:3      | Reached skill level 5 in Summonings
  1736 | D:3      | Reached skill level 5 in Necromancy
  1736 | D:3      | Reached skill level 5 in Translocations
  1736 | D:3      | Reached skill level 5 in Fire Magic
  1736 | D:3      | Reached skill level 5 in Ice Magic
  1736 | D:3      | Reached skill level 5 in Air Magic
  1736 | D:3      | Reached skill level 5 in Earth Magic
  1736 | D:3      | Reached skill level 5 in Alchemy
  1740 | D:3      | Got Sif Muna's Catalogue of Lamentation
  1900 | D:3      | Found a basalt altar of Yredelemnul.
  2149 | D:4      | Reached XP level 6. HP: 35/40 MP: 0/0
  2302 | D:4      | Found a white marble altar of Elyvilon.
  2389 | D:4      | Found a stormy altar of Qazlal.
  2732 | D:5      | Entered Level 5 of the Dungeon
  2811 | D:5      | Found a shimmering altar of Xom.
  2837 | D:5      | Found a broken altar of Ashenzari.
  2952 | D:5      | Found an opulent altar of Gozag.
  3005 | D:5      | Reached XP level 7. HP: 43/45 MP: 0/0
  3005 | D:5      | Learned a level 3 spell: Gell's Gravitas
  3449 | D:5      | You are sucked into a shaft and drop 1 floor!
  3603 | D:6      | Reached XP level 8. HP: 50/50 MP: 0/0
  3982 | D:6      | Found an iron altar of Okawaru.
  4029 | D:6      | Noticed Pikel
  4029 | D:6      | Noticed Maggie
  4039 | D:6      | Killed Pikel
  4040 | D:6      | Reached XP level 9. HP: 27/55 MP: 0/0
  4040 | D:6      | Learned a level 3 spell: Dazzling Flash
  4044 | D:6      | Killed Maggie
  4539 | D:7      | Reached skill level 10 in Spellcasting
  4539 | D:7      | Reached skill level 10 in Conjurations
  4539 | D:7      | Reached skill level 10 in Hexes
  4539 | D:7      | Reached skill level 10 in Summonings
  4539 | D:7      | Reached skill level 10 in Necromancy
  4539 | D:7      | Reached skill level 10 in Translocations
  4539 | D:7      | Reached skill level 10 in Fire Magic
  4539 | D:7      | Reached skill level 10 in Ice Magic
  4539 | D:7      | Reached skill level 10 in Air Magic
  4539 | D:7      | Reached skill level 10 in Earth Magic
  4539 | D:7      | Reached skill level 10 in Alchemy
  5073 | D:7      | Reached XP level 10. HP: 48/60 MP: 0/0
  5261 | D:7      | Found a staircase to the Ecumenical Temple.
  5265 | Temple   | Entered the Ecumenical Temple
  5308 | Temple   | Became a worshipper of Makhleb the Destroyer
  5927 | D:8      | Noticed a komodo dragon
  5931 | D:8      | Killed a komodo dragon
  6432 | D:9      | Found a staircase to the Orcish Mines.
  6608 | D:9      | Found Dumeka's Changing Room.
  6693 | D:9      | Killed an unseen horror
  6797 | D:9      | Noticed a two-headed ogre
  6803 | D:9      | Killed a two-headed ogre
  6804 | D:9      | Reached XP level 11. HP: 52/65 MP: 0/0
  6804 | D:9      | Learned a level 5 spell: Lee's Rapid Deconstruction
  7023 | D:9      | Noticed a two-headed ogre
  7028 | D:9      | Killed a two-headed ogre
  7119 | D:9      | Noticed Psyche
  7130 | D:9      | Killed Psyche
  7345 | D:10     | Entered Level 10 of the Dungeon
  7542 | D:10     | Reached * piety under Makhleb
  7953 | D:10     | Noticed a two-headed ogre
  7965 | D:10     | Killed a two-headed ogre
  8342 | D:10     | Reached ** piety under Makhleb
  8581 | D:10     | Found a staircase to the Lair.
  8667 | Lair:1   | Entered Level 1 of the Lair of Beasts
  8797 | Lair:1   | Reached XP level 12. HP: 64/70 MP: 0/0
  9144 | Lair:1   | Noticed Harold
  9151 | Lair:1   | Killed Harold
  9980 | Lair:2   | Reached skill level 15 in Spellcasting
  9980 | Lair:2   | Reached skill level 15 in Conjurations
  9980 | Lair:2   | Reached skill level 15 in Hexes
  9980 | Lair:2   | Reached skill level 15 in Summonings
  9980 | Lair:2   | Reached skill level 15 in Necromancy
  9980 | Lair:2   | Reached skill level 15 in Translocations
  9980 | Lair:2   | Reached skill level 15 in Fire Magic
  9980 | Lair:2   | Reached skill level 15 in Ice Magic
  9980 | Lair:2   | Reached skill level 15 in Air Magic
  9980 | Lair:2   | Reached skill level 15 in Earth Magic
  9980 | Lair:2   | Reached skill level 15 in Alchemy
 10020 | Lair:2   | Reached *** piety under Makhleb
 10248 | Lair:2   | Found a staircase to the Snake Pit.
 10546 | Lair:3   | Noticed a four-headed hydra
 10549 | Lair:3   | Killed a four-headed hydra
 10694 | Lair:3   | Reached XP level 13. HP: 59/75 MP: 0/0
 10694 | Lair:3   | Learned a level 5 spell: Silence
 11416 | Lair:3   | Noticed a catoblepas
 11429 | Lair:3   | Killed a catoblepas
 11957 | D:11     | Reached **** piety under Makhleb
 12027 | D:11     | Found a frozen archway.
 12195 | IceCv    | Entered an ice cave
 12417 | IceCv    | Noticed a quicksilver ooze
 12422 | IceCv    | Killed a quicksilver ooze
 12631 | IceCv    | Reached ***** piety under Makhleb
 13179 | IceCv    | Found a viscous altar of Jiyva.
 13179 | IceCv    | Noticed an azure jelly
 13182 | IceCv    | Noticed a quicksilver ooze
 13187 | IceCv    | Killed an azure jelly
 13187 | IceCv    | Killed a quicksilver ooze
 13233 | IceCv    | Got Tesubbem's Directory of Glaciation
 13351 | D:11     | Found a runed translucent door.
 13351 | D:11     | Noticed HourglassMan's ghost (journeyman HOMo)
 13601 | D:11     | Reached XP level 14. HP: 63/80 MP: 0/0
 13765 | D:11     | Found Nooviu's Distillery.
 13772 | D:11     | Bought a potion of invisibility for 112 gold pieces
 13772 | D:11     | Bought a potion of curing for 42 gold pieces
 14083 | Orc:1    | Entered Level 1 of the Orcish Mines
 14143 | Orc:1    | Found Joix's Distillery.
 14154 | Orc:1    | Bought a potion of haste for 160 gold pieces
 14205 | Orc:1    | Found Foop Epp's Weapon Boutique.
 14225 | Orc:1    | Reached ****** piety under Makhleb
 14323 | Orc:1    | Found Foexirus's Jewellery Shop.
 14347 | Orc:1    | Found Baonokh's Armour Shop.
 14746 | Orc:1    | Found Vulaub's Antique Armour Emporium.
 14939 | Orc:2    | Entered Level 2 of the Orcish Mines
 15131 | Orc:2    | Found a staircase to the Elven Halls.
 15139 | Orc:2    | Noticed Urug
 15144 | Orc:2    | Killed Urug
 16219 | Orc:2    | Found Girereuq's Jewellery Emporium.
 16219 | Orc:2    | Found Ymacuj's Antique Weapon Boutique.
 16239 | Orc:2    | Found Kaxyas's Armour Emporium.
 16239 | Orc:2    | Found Cuhaqio's Book Boutique.
 16245 | Orc:2    | Bought the ring of Ettued {Fly Will+ Int+4 SInv} for 512
                  | gold pieces
 16373 | Orc:2    | Bought the +2 robe "Ruimofic" {Regen+} for 265 gold pieces
 16608 | D:12     | Found a runed translucent door.
 16792 | D:12     | Reached skill level 1 in Fighting
 16864 | D:12     | Identified the +0 pair of boots "Ryfooqun" {rF+ Str+7
                  | Dex-3}
 16891 | D:12     | Identified the +0 quarterstaff of Gitomuo {vamp, Int+2
                  | Dex+2}
 17028 | D:12     | Reached XP level 15. HP: 94/94 MP: 0/0
 17028 | D:12     | Learned a level 6 spell: Sculpt Simulacrum
 17279 | D:13     | Noticed Frances
 17295 | D:13     | Noticed Kirke
 17382 | D:13     | Killed Frances
 17383 | D:13     | Reached skill level 5 in Fighting
 17498 | D:13     | Killed Kirke
 17869 | D:14     | Slain by a white ugly thing

Illustrated notes

Levels and vault maps discovered:
D:1:      lemuel_arrival_broad_hall, layout_basic, columned_hall_lemuel
D:2:      layout_rooms
D:3:      layout_loops_ring, led_sif_book, nicolae_yredelemnul_corpse_copse,
          mainiacjoe_overflow_brackets, chequers_serial_rivers_micro_e
D:4:      layout_basic, nicolae_elyvilon_peaceful_grove,
          mainiacjoe_overflow_24_doors, general_overflow_altar
D:5:      layout_loops_cross, xom_teletrap_fun,
          nicolae_gozag_cash_rules_everything_around_me,
          nicolae_ashenzari_panopticon, kennysheep_cross_room
D:6:      layout_rooms, okawaru_gym_becter, uniq_pikel, uniq_maggie
D:7:      layout_basic, minmay_temple_entry_glassed_door
D:8:      layout_cave_pools, serial_bayou_pond_c
D:9:      layout_loops_cross, orc_0_dummy, nicolae_transmutations_shop,
          minmay_misc_feat_doors, uniq_psyche
D:10:     layout_loops_ring, erik_lair_dragon
D:11:     layout_roguey [special_room_bee], serial_shops, shop,
          hellmonk_ghost_happy_afterlife, portal_ice_cave_entry_pillars_1,
          grunt_tough_drop
D:12:     layout_rooms, minmay_crystal_box
D:13:     layout_rooms, uniq_frances, uniq_kirke
D:14:     layout_basic, hellmonk_vaults_attempted_burglary,
          dilly_guarded_unrand_elemental_staff
Temple:   minmay_temple_forest_path
Lair:1:   layout_cave_pods, uniq_harold
Lair:2:   layout_cave_shapes, minmay_snake_entry_guardpost_small
Lair:3:   regret_index_malice_mire, layout_long_grid, minmay_swamp_entry_swarm,
          roderic_batcave
Lair:4:   layout_hall_layers
Orc:1:    layout_diamond_mine, serial_shops, shop, shop,
          nicolae_shop_hallway_plus, nicolae_shop_bloodbath_and_beyond,
          nicolae_shop_hallway_stairs
Orc:2:    grunt_orc_tribal_feast, layout_caves, uniq_urug

Skill      XL: |  1  2  3  4  5  6  7  8  9 10 11 12 13 14 15 |
---------------+----------------------------------------------+-----
Spellcasting   | 4 5 6 7 9 10 12 14 16 17 19 | 19.3
Conjurations   | 4 5 6 7 9 10 12 14 16 17 19 | 19.3
Hexes          | 4 5 6 7 9 10 12 14 16 17 19 | 19.3
Summonings     | 4 5 6 7 9 10 12 14 16 17 19 | 19.3
Necromancy     | 4 5 6 7 9 10 12 14 16 17 19 | 19.3
Translocations | 4 5 6 7 9 10 12 14 16 17 19 | 19.3
Fire Magic     | 4 5 6 7 9 10 12 14 16 17 19 | 19.3
Ice Magic      | 4 5 6 7 9 10 12 14 16 17 19 | 19.3
Air Magic      | 4 5 6 7 9 10 12 14 16 17 19 | 19.3
Earth Magic    | 4 5 6 7 9 10 12 14 16 17 19 | 19.3
Alchemy        | 4 5 6 7 9 10 12 14 16 17 19 | 19.3
Fighting       | 3 6 |  6.6
Dodging        | |  2.1
Stealth        | |  1.5

Action                     |  1- 3 |  4- 6 |  7- 9 | 10-12 | 13-15 || total
---------------------------+-------+-------+-------+-------+-------++-------
  Melee: Unarmed           |     2 |       |       |     6 |       ||     8
         Staff             |       |       |       |     1 |     2 ||     3
   Cast: Sandblast         |    41 |    90 |    58 |     8 |       ||   197
         Stone Arrow       |       |       |    44 |   182 |   240 ||   466
         Magic Dart        |       |       |       |     1 |     2 ||     3
         Lee's Rapid Decon |       |       |       |    26 |   145 ||   171
         Petrify           |       |       |       |     3 |    46 ||    49
         Gell's Gravitas   |       |       |       |       |     3 ||     3
    Use: Scroll            |       |       |       |    11 |     8 ||    19
         Potion            |       |       |       |     1 |     2 ||     3
 Armour: Robe              |    19 |    17 |    16 |       |    24 ||    76
         Steam dragon scal |       |       |    11 |    58 |    73 ||   142
         Skin              |       |       |       |     4 |       ||     4
  Dodge: Dodged            |    17 |    31 |    31 |    42 |    80 ||   201
